 Dungeon Crawl Stone Soup version 0.28-a0-1594-ga885d4b3d6 (webtiles) character file.

Game seed: 18029848551125698265

21 lonewolfV2 the Skirmisher (level 2, 0/36 HPs)
             Began as a Demonspawn Berserker on Jan 20, 2022.
             Was a Follower of Trog.
             Succumbed to an adder's poison
             ... on level 2 of the Dungeon.
             The game lasted 00:01:47 (1360 turns).

lonewolfV2 the Skirmisher (Demonspawn Berserker)    Turns: 1360, Time: 00:01:47

Health: 0/36       AC:  2    Str: 17    XL:     2   Next: 65%
Magic:  2/2        EV: 12    Int:  8    God:    Trog [*.....]
Gold:   29         SH:  0    Dex: 12    Spells: 1/1 levels left

rFire   . . .      SeeInvis .   a - +0 hand axe
rCold   . . .      Faith    .   (no shield)
rNeg    . . .      Spirit   .   b - +0 animal skin
rPois   .          Reflect  .   (no helmet)
rElec   .          Harm     .   (no cloak)
rCorr   .          Rampage  .   (no gloves)
Will    .....                   (no boots)
Stlth   ..........              c - amulet of the acrobat
HPRegen 0.12/turn               (no ring)
MPRegen 0.08/turn               (no ring)

@: berserking (expiring), lethally poisoned (0 -> -3), very quick
A: demonic guardian 1
a: Renounce Religion, Berserk


You were on level 2 of the Dungeon.
You worshipped Trog.
Trog was aware of your devotion.
You visited 1 branch of the dungeon, and saw 2 of its levels.

You collected 29 gold pieces.

Inventory:

Hand Weapons
 a - a +0 hand axe (weapon)
Armour
 b - a +0 animal skin (worn)
Jewellery
 c - an amulet of the acrobat (around neck)
 e - an amulet of reflection
Potions
 d - a potion of ambrosia {unknown}


   Skills:
 + Level 3.3 Fighting
 + Level 3.0 Axes
 + Level 1.7 Armour
 + Level 2.0 Dodging
 + Level 0.8 Stealth


You had one spell level left.
You didn't know any spells.
Your spell library was empty.

Dungeon Overview and Level Annotations

Branches:
Dungeon (2/15)

Altars:


Innate Abilities, Weirdness & Mutations

A weak demonic guardian rushes to your aid.


Message History

You hit the rat.
You kill the rat!
Trog accepts your kill. The adder completely misses you. The worm misses you.
Things that are here:
a +0 club; a rat corpse; a kobold corpse You barely miss the worm.
You miss the adder. The adder closely misses you.
You slash the worm!
The worm is heavily wounded.
You miss the adder. The adder closely misses you. The worm bites you!
* * * LOW HITPOINT WARNING * * *
The adder bites you.
* * * LOW HITPOINT WARNING * * *
You slash the worm!
The worm is almost dead.
You barely miss the adder. The adder bites you.
* * * LOW HITPOINT WARNING * * *
You slash the worm!
You kill the worm!
Trog accepts your kill.
You closely miss the adder. The adder closely misses you.
Your Dodging skill increases to level 2!
You hit the ball python.
You kill the ball python!
Trog accepts your kill.
You hit the adder.
A goblin comes into view. It is wielding a +0 dagger of draining.
The adder bites you.
* * * LOW HITPOINT WARNING * * *
A demonic guardian appears!
You are lethally poisoned!
The adder poisons you!
* * * LOW HITPOINT WARNING * * *
You feel sick. The worm misses you.
You see here a worm corpse.
You slash the adder!
You kill the adder!
Trog accepts your kill.
You hit the worm.
You die...

#.#......
###.#..#..#.
#...#......
......... ......##
#. #.......
#g#######5..#
###......5@...#
.....##.##.w.##
........##.#..#
######.....#..#.
#...##..####....
#<......<........
#...##..####.#####
##. #..# #.# #
#..#


You could see a worm (ally target), a goblin and 2 friendly iron imps.

Vanquished Creatures
  An adder (D:2)
  A worm (D:2)
  2 ball pythons
  2 bats (D:1)
  A giant cockroach (D:1)
  A goblin (D:1)
  2 hobgoblins (D:1)
  A quokka (D:1)
  2 frilled lizards (D:1)
  4 kobolds
  3 rats
20 creatures vanquished.

Notes
Turn   | Place    | Note
-------+----------+-------------------------------------------
     0 | D:1      | lonewolfV2 the Demonspawn Berserker began the quest for the
                  | Orb.
     0 | D:1      | Reached XP level 1. HP: 18/18 MP: 1/1
   548 | D:1      | Gained mutation: A weak demonic guardian rushes to your
                  | aid. [demonic ancestry]
   548 | D:1      | Reached XP level 2. HP: 24/24 MP: 2/2
  1359 | D:2      | HP: 1/36 [poisoned by an adder]
  1360 | D:2      | Succumbed to an adder's poison

Illustrated notes

Levels and vault maps discovered:
D:1:      elethiomel_arrival_infinity_welcomes_careful_drivers, layout_basic
D:2:      minmay_evil_eye, layout_loops_ring, hangedman_decor_lopped,
          minmay_distorted

Skill      XL: |  1  2 |
---------------+-------+-----
Axes           | 3 |  3.0
Dodging        | 2 |  2.0
Fighting       | |  3.3
Armour         | |  1.7
Stealth        | |  0.8

Action                   || total
-------------------------++-------
Melee: Hand axe          ||    52
       Punch             ||     1
Invok: Berserk           ||     1
  Use: Scroll            ||     1
 Stab: Sleeping          ||     2
Armor: Animal skin       ||     8
Dodge: Dodged            ||    47

Table legend: (Time is in decaauts)
 A = Elapsed time spent in this place.
 B = Non-inter-level travel time spent in this place.
 C = Inter-level travel time spent in this place.
 D = Time resting spent in this place.
 E = Time spent auto-exploring this place.
 F = Levels seen in this place.
 G = Mean time per level.
                   A        B        C        D        E       F      G
               +--------+--------+--------+--------+--------+-----+--------+
         Total |   1365 |   1348 |     17 |    693 |    464 |   2 |  682.5 |
       Dungeon |   1365 |   1348 |     17 |    693 |    464 |   2 |  682.5 |
               +--------+--------+--------+--------+--------+-----+--------+

Top non-repeatable levels by time:
     D:1: 1327 daAuts
     D:2: 37 daAuts
